 Dungeon Crawl Stone Soup version 0.18.1-48-g4cf74bf (webtiles) character file.

80 Lennu the Magician (level 4, -7/24 HPs)
             Began as a Deep Elf Wizard on June 26, 2016.
             Mangled by a gnoll
             ... wielding a +0 flail
              (11 damage)
             ... on level 2 of the Dungeon.
             The game lasted 00:20:00 (2031 turns).

Lennu the Magician (Deep Elf Wizard)                Turns: 2031, Time: 00:20:03

Health: -7/24      AC:  3    Str:  4    XL:     4   Next: 18%
Magic:  3/14       EV: 13    Int: 24    God:
Gold:   85         SH:  0    Dex: 13    Spells: 3 memorised, 10 levels left

rFire  . . .     SeeInvis .     o - +1 dagger
rCold  . . .     Gourm    .     a - +0 robe
rNeg   . . .     Faith    .     (no shield)
rPois  +         Spirit   .     b - +1 hat
rElec  .         Dismiss  .     (no cloak)
rCorr  .         Reflect  .     (no gloves)
SustAt .         Harm     .     (no boots)
MR     .....                    (no amulet)
Stlth  +.........               j - ring of poison resistance
                                p - ring of loudness (curse)

@: very slightly contaminated, not resistant to hostile enchantments, very
unstealthy
A: no striking features
a: no special abilities


You were on level 2 of the Dungeon.
You were not hungry.

You visited 1 branch of the dungeon, and saw 2 of its levels.

You collected 85 gold pieces.

Inventory:

Hand Weapons
 o - a +1 dagger (weapon)
Armour
 a - a +0 robe (worn)
 b - a +1 hat (worn)
Jewellery
 i - an uncursed ring of protection from cold
 j - a ring of poison resistance (right hand)
 p - a cursed ring of loudness (left hand)
Potions
 e - a potion of curing {unknown}
 g - a potion of flight {unknown}
Books
 c - a book of Minor Magic

   Spells                             Type                      Level
   a - Magic Dart                     Conjuration                  1
   b - Blink                          Translocation                2
   c - Call Imp                       Summoning                    2
   d - Repel Missiles                 Charms/Air                   2
   e - Slow                           Hexes                        2
   f - Conjure Flame                  Conjuration/Fire             3
   g - Mephitic Cloud                 Conjuration/Poison/Air       3
Comestibles
 d - 3 bread rations
 l - 3 chunks of flesh


   Skills:
 * Level 0.4 Fighting
 * Level 0.2 Armour
 * Level 2.7 Dodging
 - Level 2.4 Stealth
 * Level 6.1 Spellcasting
 * Level 1.7 Conjurations
 * Level 1.1 Summonings
 * Level 1.7 Translocations


You had 10 spell levels left.
You knew the following spells:

 Your Spells              Type           Power        Failure   Level  Hunger
a - Magic Dart            Conj           ###.         4%          1    None
b - Blink                 Tloc           N/A          8%          2    None
c - Call Imp              Summ           ##......     10%         2    None


Dungeon Overview and Level Annotations

Branches:
Dungeon (2/15)

Altars:
Pakellas


Message History

Casting: Magic Dart
Confirm with . or Enter, or press ? or * to list all spells.
Aiming: Magic Dart
Press: ? - help, Shift-Dir - straight line, f/p - gnoll
Aim: a gnoll, wielding a flail (severely wounded)
The magic dart hits the gnoll.
The gnoll hits you with an enchanted flail.
Your crimson imp blinks!
Casting: Magic Dart
Confirm with . or Enter, or press ? or * to list all spells.
Aiming: Magic Dart
Press: ? - help, Shift-Dir - straight line, f/p - gnoll
Aim: a gnoll, wielding a flail (severely wounded)
The magic dart hits the gnoll.
The gnoll is almost dead.
The gnoll hits you with an enchanted flail!
Ouch! That really hurt!
* * * LOW HITPOINT WARNING * * *
The gnoll hits you with a flail!
You die...

#....#.........))# #.#
#.##.......>####.###.#
##.......#.#.####.....#
##......(.#.#..........#
...##.....)............#
.................##.##.#
.....##......##...#.##.#
.####...###...#...#.##.#
. ###..#...#..##@g#.##.#
.##...###_###..#.g.ยง...#
##.....#...#...#.......#
....##..###............#
.#.####.......#........#
...# #...#####........#
#.## #..## ##..(....#
..### #>## #..##...#
....###.# ##....#.##


You could see 2 gnolls.

Vanquished Creatures
  3 adders (D:2)
  A worm (D:2)
  A dart slug (D:1)
  3 hobgoblins (D:1)
  2 jackals (D:1)
  4 kobolds (D:1)
  A quokka (D:2)
  5 bats
  A giant newt (D:1)
  6 goblins
  4 rats
31 creatures vanquished.

Vanquished Creatures (collateral kills)
  An adder (D:2)
  2 gnolls (D:2)
3 creatures vanquished.

Grand Total: 34 creatures vanquished

Notes
Turn   | Place    | Note
--------------------------------------------------------------
     0 | D:1      | Lennu the Deep Elf Wizard began the quest for the Orb.
     0 | D:1      | Reached XP level 1. HP: 10/10 MP: 7/7
   548 | D:1      | Reached XP level 2. HP: 15/15 MP: 3/9
   729 | D:1      | Reached skill level 5 in Spellcasting
  1042 | D:1      | Learned a level 2 spell: Blink
  1045 | D:1      | Learned a level 2 spell: Call Imp
  1441 | D:2      | Reached XP level 3. HP: 11/20 MP: 0/12
  1599 | D:2      | Found an oddly glowing altar of Pakellas.
  1719 | D:2      | Reached skill level 6 in Spellcasting
  1799 | D:2      | Reached XP level 4. HP: 19/24 MP: 9/14
  2031 | D:2      | Mangled by a gnoll

Skill      XL: |  1  2  3 |
---------------+----------+-----
Spellcasting   | 5 6 |  6.1
Fighting       | |  0.4
Armour         | |  0.2
Dodging        | |  2.7
Stealth        | |  2.4
Conjurations   | |  1.7
Summonings     | |  1.1
Translocations | |  1.7

Action                   |  1- 3 |  4- 6 || total
-------------------------+-------+-------++-------
 Cast: Magic Dart        |    77 |    13 ||    90
       Call Imp          |     6 |     2 ||     8
       Blink             |     1 |     3 ||     4
  Use: Scroll            |     1 |     5 ||     6
  Eat: Chunk             |     2 |     1 ||     3
Armor: Robe              |     4 |     1 ||     5
Dodge: Dodged            |     5 |     3 ||     8
